Map: Odyssey LE

Players

thorsen - Winner!

  • Race: Zerg Zerg
  • League: Diamond
  • Spawn Location: 11:00

Tempest

  • Race: Protoss Protoss
  • League: Diamond
  • Spawn Location: 5:00

VOD

Have the link to the VOD?

Description

Time

  • Played on: Jan. 18, 2018, 3:51 p.m.
  • Length: 11:03
Show
View Real Time Build Order
Export as new Build Order

thorsen Zerg - Winner!

Build Orders: Hatch First, Lurkers 

Get SALT Encoding   

  12  0:00  Drone  
  13  0:09  Drone  
  14  0:15  Drone, Extractor  
  15  0:38  Hatchery  
  15  0:42  Extractor  
  13  0:43  Drone  
  15  0:57  Spawning Pool  
  15  1:01  Drone, Extractor  
  15  1:08  Overlord  
  15  1:26  Drone x3  
  18  1:42  Drone  
  18  1:45  Queen  
  21  1:50  Drone, Queen  
  24  1:54  Overlord  
  24  2:00  Drone  
  24  2:01  Drone  
  26  2:08  Spine Crawler  
  25  2:14  Drone  
  26  2:15  Spine Crawler  
  26  2:18  Drone  
  26  2:21  Drone  
  27  2:23  Drone  
  28  2:32  Queen  
  28  2:35  Drone  
  31  2:39  Drone  
  31  2:42  Overlord  
  32  2:49  Queen  
  34  2:51  Drone  
  34  2:54  Drone  
  36  3:03  Drone x3  
  38  3:10  Drone  
  38  3:12  Spine Crawler  
  38  3:15  Drone x2  
  38  3:16  Drone  
  41  3:20  Drone  
  41  3:21  Drone  
  42  3:52  Overlord x2  
  42  3:53  Drone x2  
  44  3:55  Hatchery  
  44  4:02  Extractor x2  
  42  4:05  Spine Crawler  
  40  4:12  Extractor  
  40  4:13  Drone  
  40  4:14  Drone x2, Extractor  
  40  4:15  Hatchery  
  40  4:21  Spine Crawler  
  35  4:29  Drone x4  
  35  4:30  Drone x4  
  40  4:36  Spore Crawler  
  39  4:38  Drone x2  
  41  4:49  Drone x3  
  41  4:50  Drone  
  45  4:56  Drone  
  45  4:57  Spore Crawler  
  45  5:08  Overlord  
  45  5:09  Overlord x2  
  43  5:16  Drone x3  
  43  5:17  Drone  
  47  5:23  Drone x2  
  47  5:24  Drone x2  
  47  5:28  Lair  
  51  5:30  Drone  
  51  5:32  Drone  
  51  5:34  Drone  
  54  5:39  Metabolic Boost  
  54  5:50  Burrow, Evolution Chamber  
  54  5:51  Evolution Chamber  
  54  5:54  Overlord x2  
  54  5:56  Drone x2  
  54  6:04  Pneumatized Carapace  
  54  6:10  Drone  
  54  6:11  Drone x2  
  57  6:19  Overlord x2  
  57  6:22  Overlord x2  
  57  6:23  Zerg Melee Weapons Level 1  
  57  6:24  Zerg Ground Armor Level 1  
  57  6:29  Zergling x18  
  57  6:30  Zergling x2  
  67  6:38  Overseer  
  67  6:43  Zergling x6  
  67  6:44  Zergling x12  
  67  6:45  Drone  
  67  6:46  Drone  
  78  6:48  Drone  
  79  7:05  Drone x3  
  82  7:13  Hydralisk Den  
  76  7:16  Zergling x18, Hatchery  
  76  7:17  Zergling x4  
  83  7:27  Zergling x8  
  83  7:28  Baneling Nest  
  86  7:43  Zergling x14  
  86  7:44  Zergling x8  
  96  7:51  Zergling x4  
  96  7:52  Drone  
  99  8:11  Zergling x8, Overlord x2  
  99  8:12  Zergling x2  
  100  8:16  Centrifical Hooks  
  92  8:21  Drone x7  
  92  8:22  Lurker Den  
  68  8:35  Zergling x2  
  68  8:36  Zergling x16  
  77  8:44  Spine Crawler  
  77  8:47  Baneling x5  
  77  8:48  Baneling x15  
  76  8:50  Drone x2, Zergling x2  
  76  8:51  Zergling x2  
  76  8:55  Zergling x4  
  81  8:56  Zergling x2  
  83  9:03  Zergling x8  
  83  9:04  Zergling x2  
  88  9:14  Zergling x2  
  88  9:15  Zergling x14  
  94  9:18  Zergling x2  
  94  9:19  Zergling x4  
  94  9:20  Zergling x2  
  94  9:23  Zergling x4  
  82  9:24  Zergling x2  
  82  9:26  Zergling x2  
  82  9:27  Zergling x2  
  70  9:45  Baneling x2  
  69  9:46  Baneling x2  
  69  9:49  Hydralisk x4  
  69  9:51  Hydralisk x2  
  79  9:58  Zergling x2, Hydralisk  
  79  9:59  Zergling x2  
  77  10:02  Zergling x2  
  77  10:05  Zergling x4  
  66  10:18  Lurker x5  
  66  10:20  Lurker  
  71  10:24  Zergling x2  
  71  10:25  Zergling x2  
  71  10:28  Zergling x2  
  70  10:30  Zergling x2  
  70  10:32  Zergling x2  
  70  10:35  Zergling x2  
  70  10:40  Zergling x4  
Show
View Real Time Build Order
Export as new Build Order

Tempest Protoss 

Build Orders: Oracle Opening 

Get SALT Encoding   

  12  0:00  Probe  
  13  0:13  Probe  
  14  0:18  Pylon  
  14  0:26  Probe (Chrono Boost)  
  15  0:38  Probe (Chrono Boost)  
  15  0:40  Gateway  
  16  0:43  Probe (Chrono Boost)  
  16  0:47  Assimilator  
  17  0:54  Probe  
  18  1:06  Probe  
  18  1:09  Gateway  
  19  1:15  Assimilator  
  19  1:18  Probe  
  20  1:28  Cybernetics Core  
  20  1:30  Probe  
  21  1:33  Pylon  
  21  1:42  Probe  
  22  1:54  Probe  
  23  2:03  Adept x2 (Chrono Boost)  
  23  2:05  Warp Gate  
  27  2:20  Pylon  
  27  2:22  Adept x2  
  31  2:32  Stargate  
  31  2:45  Probe  
  32  3:05  Probe  
  33  3:09  Nexus  
  33  3:12  Pylon  
  33  3:14  Oracle (Chrono Boost)  
  33  3:17  Probe  
  37  3:29  Probe  
  38  3:41  Probe  
  39  3:52  Shield Battery  
  39  3:53  Probe  
  41  3:55  Oracle  
  41  3:57  Assimilator  
  41  3:59  Twilight Council  
  41  4:05  Probe  
  42  4:15  Adept  
  44  4:17  Probe  
  44  4:22  Probe  
  46  4:29  Probe  
  44  4:32  Resonating Glaives (Chrono Boost)  
  44  4:33  Pylon, Adept  
  46  4:41  Phoenix (Chrono Boost)  
  48  4:48  Probe  
  48  4:49  Probe  
  50  4:55  Gateway  
  50  4:58  Pylon  
  50  5:00  Probe  
  50  5:01  Probe  
  50  5:04  Adept  
  50  5:05  Adept  
  56  5:16  Probe  
  56  5:17  Probe  
  56  5:21  Pylon  
  55  5:22  Pylon  
  55  5:25  Gateway  
  55  5:28  Gateway  
  55  5:40  Adept x2  
  59  5:53  Pylon, Adept  
  59  5:54  Pylon  
  61  6:05  Adept x2  
  61  6:08  Charge  
  65  6:13  Robotics Facility  
  65  6:21  Forge  
  65  6:24  Forge  
  65  6:36  Zealot x3  
  65  6:37  Probe x2  
  73  6:41  Assimilator  
  73  6:47  Stalker x2  
  73  6:48  Pylon  
  77  7:00  Adept x3  
  83  7:01  Protoss Ground Weapons Level 1 (Chrono Boost)  
  83  7:02  Protoss Ground Armor Level 1 (Chrono Boost)  
  84  7:15  Observer  
  84  7:19  Adept x2  
  88  7:39  Probe (Chrono Boost)  
  88  7:40  Photon Cannon, Probe (Chrono Boost)  
  90  7:49  Probe x2 (Chrono Boost)  
  92  7:54  Immortal  
  92  7:56  Pylon  
  76  8:08  Probe x2  
  64  8:13  Adept x3  
  64  8:15  Adept  
  71  8:25  Nexus  
  68  8:36  Probe  
  69  8:53  Probe (Chrono Boost)  
  70  9:04  Adept  
  70  9:05  Adept x2  
  48  9:34  Probe  
  49  9:46  Probe  
  50  9:56  Adept x2  
  50  9:59  Probe  
  41  10:11  Probe  
  37  10:23  Probe  
  38  10:41  Adept x2  
  38  10:42  Adept x2  
  46  10:45  Probe  
Tags
 
Add a new tag
Caveats
  • Supply blocks, unpowered buildings, or Contaminate may cause inaccurate times.
  • Supply counts are checked every 10 seconds.